 Dungeon Crawl Stone Soup version 0.30-a0-605-gb2882149bf (webtiles) character file.

Game seed: 15185563046786208467

68 pokeman the Magician (level 4, -6/25 HPs)
             Began as a Deep Elf Hedge Wizard on Jan 7, 2023.
             Killed from afar by Ijyb (9 damage)
             ... with a puff of flame
             ... on level 3 of the Dungeon.
             The game lasted 00:03:56 (2560 turns).

pokeman the Magician (Deep Elf Hedge Wizard)        Turns: 2560, Time: 00:03:56

Health: -6/25      AC:  2    Str:  7    XL:     4   Next: 1%
Magic:  2/13       EV: 12    Int: 21    God:
Gold:   100        SH:  0    Dex: 14    Spells: 5/13 levels left

rFire   . . .      SeeInvis .    a - +0 dagger
rCold   + . .      Faith    .    (no shield)
rNeg    . . .      Spirit   .    b - +0 robe
rPois   .          Reflect  .    c - +0 hat
rElec   .          Harm     .    (no cloak)
rCorr   .          Rampage  .    (no gloves)
Will    .....                    (no boots)
Stlth   ++                       (no amulet)
HPRegen 0.24/turn                p - ring of protection from cold
MPRegen 0.13/turn                (no ring)

@: no status effects
A: no striking features
a: no special abilities


You were on level 3 of the Dungeon.
You visited 1 branch of the dungeon, and saw 3 of its levels.

You collected 100 gold pieces.

Inventory:

Hand Weapons
 a - a +0 dagger (weapon)
Armour
 b - a +0 robe (worn)
 c - a +0 hat (worn)
Magical Staves
 f - a staff of poison
Jewellery
 p - a ring of protection from cold (left hand)
Scrolls
 e - a scroll of butterflies {unknown}
 g - a scroll of noise {unknown}
 h - a scroll of poison {unknown}
 i - 2 scrolls of teleportation {unknown}
 k - 2 scrolls of identify {unknown}
 m - 2 scrolls of amnesia {unknown}
 q - a scroll of magic mapping {unknown}
Potions
 d - a potion of magic
 j - a potion of heal wounds {unknown}
 l - 2 potions of curing {unknown}
 n - a potion of degeneration {unknown}
 o - a potion of mutation {unknown}
 r - a potion of might {unknown}


   Skills:
 - Level 1.0 Fighting
 - Level 1.0 Armour
 + Level 2.5 Dodging
 + Level 2.5 Stealth
 * Level 5.4 Spellcasting
 + Level 2.1 Conjurations
 - Level 1.1 Summonings
 - Level 1.1 Translocations


You had 5 spell levels left.
You knew the following spells:

 Your Spells              Type           Power      Damage    Failure   Level
a - Magic Dart            Conj           56%        1d5       4%          1
b - Mephitic Cloud        Conj/Pois/Air  8%         N/A       24%         3
c - Call Imp              Summ           10%        N/A       10%         2
d - Blink                 Tloc           20%        N/A       10%         2

Your spell library contained the following spells:

 Spells                   Type           Power      Damage    Failure   Level
 Slow                     Hex            20%        N/A       11%         1
 Cigotuvi's Dreadful Rot  Necr/Pois/Air  10%        N/A       16%         2
 Gell's Gravitas          Tloc           10%        N/A       21%         3
 Lesser Beckoning         Tloc           20%        N/A       21%         3
 Teleport Other           Tloc           10%        N/A       21%         3


Dungeon Overview and Level Annotations

Branches:
Dungeon (3/15)

Altars:

Shops:
D:3 :

Annotations:
D:2 Grinder
D:3 Ijyb


Message History

Aiming: Magic Dart (safe; 4% risk of failure)
Press: ? - help, Shift-Dir - straight line, f/p - Ijyb
Aim: Ijyb, wielding a +0 dagger, wearing a +3 chain mail of poison resistance and carrying a wand of flame (22) (ally target, 100% to hit)
The magic dart hits Ijyb but does no damage.
Casting: Magic Dart (safe; 4% risk of failure)
Confirm with . or Enter, or press ? or * to list all spells.
Aiming: Magic Dart (safe; 4% risk of failure)
Press: ? - help, Shift-Dir - straight line, f/p - Ijyb
Aim: Ijyb, wielding a +0 dagger, wearing a +3 chain mail of poison resistance and carrying a wand of flame (22) (ally target, 100% to hit)
The magic dart hits Ijyb but does no damage.
Ijyb closely misses you.
Your crimson imp blinks!
Casting: Magic Dart (safe; 4% risk of failure)
Confirm with . or Enter, or press ? or * to list all spells.
You don't have enough magic to cast this spell.
Unknown command.
You barely miss Ijyb. Ijyb hits you but does no damage.
You hit Ijyb but do no damage. Ijyb barely misses you.
Your crimson imp blinks!
You barely miss Ijyb. Ijyb barely misses you.
Your magical contamination has completely faded away.
You hit Ijyb but do no damage.
Ijyb zaps a wand.
The puff of flame misses you.
You hit Ijyb but do no damage. Ijyb hits you with a +0 dagger.
Your crimson imp hits Ijyb but does no damage.
You barely miss Ijyb. Ijyb closely misses you.
Your crimson imp hits Ijyb but does no damage.
You barely miss Ijyb. Ijyb hits you with a +0 dagger.
Your crimson imp hits Ijyb but does no damage.
You barely miss Ijyb. Ijyb misses you.
Your crimson imp blinks!
You hit Ijyb but do no damage. Ijyb closely misses you.
You closely miss Ijyb. Ijyb hits you with a +0 dagger.
* * * LOW HITPOINT WARNING * * *
Ijyb attacks as you move away! Ijyb hits you with a +0 dagger.
* * * LOW HITPOINT WARNING * * *
Your crimson imp disappears in a puff of smoke!
Things that are here:
a +0 hand axe; 3 scrolls labelled ZAIRYCI DYASIB; an orc corpse Ijyb zaps a wand.
The puff of flame hits you!
You die...

####..... #.......##∩..
...#...#.# ###............
...#...#...##..............
.....)...#.................
.........####.....#.#####.##
........)####.....#....K....
..<...............#.)#####.
..........†.§.g)..#...<#
##..............@.##.###
#####.......#..#...<#
#.......##.###.########
#.......##.# #.........
#.......##.# #####.....
##########.. ... #.. . #.


You could see Ijyb.

Vanquished Creatures
  A gnoll (D:1)
  2 adders (D:2)
  A dart slug (D:2)
  4 orcs
  2 ball pythons
  A bat (D:3)
  3 endoplasms
  A giant cockroach (D:2)
  2 goblins
  5 hobgoblins
  A quokka (D:2)
  2 frilled lizards (D:1)
  2 kobolds
  7 rats
34 creatures vanquished.

Notes
Turn   | Place    | Note
-------+----------+-------------------------------------------
     0 | D:1      | pokeman the Deep Elf Hedge Wizard began the quest for the
                  | Orb.
     0 | D:1      | Reached XP level 1. HP: 10/10 MP: 7/7
   119 | D:1      | Reached XP level 2. HP: 9/16 MP: 0/9
  1097 | D:2      | Reached skill level 5 in Spellcasting
  1118 | D:2      | Reached XP level 3. HP: 20/20 MP: 6/11
  1122 | D:2      | Learned a level 3 spell: Mephitic Cloud
  1125 | D:2      | Learned a level 2 spell: Call Imp
  1128 | D:2      | Learned a level 2 spell: Blink
  1801 | D:3      | Reached skill level 1 in Fighting
  1801 | D:3      | Noticed Grinder
  1802 | D:3      | Noticed Ijyb
  1955 | D:2      | Reached skill level 1 in Armour
  2160 | D:3      | Found Ohumud's Book Emporium.
  2223 | D:3      | Paralysed by Grinder for 3 turns
  2226 | D:3      | HP: 1/20 [Grinder/bolt of dispelling energy (8)]
  2358 | D:2      | Paralysed by Grinder for 4 turns
  2374 | D:2      | Paralysed by Grinder for 5 turns
  2524 | D:3      | Reached XP level 4. HP: 25/25 MP: 3/13
  2560 | D:3      | Killed from afar by Ijyb

Illustrated notes

Levels and vault maps discovered:
D:1:      minmay_arrival_semitransparent, layout_loops_corners
D:2:      layout_loops_ring
D:3:      layout_basic, serial_shops, shop, shop, shop, shop,
          gammafunk_ghost_gnarly_gnolls, minmay_misc_feat_encased,
          kennysheep_generic_room_15, uniq_grinder, uniq_ijyb

Skill      XL: |  1  2  3 |
---------------+----------+-----
Spellcasting   | 5 |  5.4
Fighting       | 1 |  1.0
Armour         | 1 |  1.0
Conjurations   | 2 |  2.1
Dodging        | |  2.5
Stealth        | |  2.5
Summonings     | |  1.1
Translocations | |  1.1

Action                   |  1- 3 |  4- 6 || total
-------------------------+-------+-------++-------
Melee: Dagger            |     7 |    10 ||    17
 Cast: Magic Dart        |    94 |     3 ||    97
       Call Imp          |     4 |     1 ||     5
       Blink             |     1 |       ||     1
 Stab: Sleeping          |     2 |       ||     2
Armor: Robe              |     9 |     1 ||    10
Dodge: Dodged            |    34 |     7 ||    41

Table legend: (Time is in decaauts)
 A = Elapsed time spent in this place.
 B = Non-inter-level travel time spent in this place.
 C = Inter-level travel time spent in this place.
 D = Time resting spent in this place.
 E = Time spent auto-exploring this place.
 F = Levels seen in this place.
 G = Mean time per level.
                   A        B        C        D        E       F      G
               +--------+--------+--------+--------+--------+-----+--------+
         Total |   2565 |   2406 |    159 |    399 |   1696 |   3 |  855.0 |
       Dungeon |   2565 |   2406 |    159 |    399 |   1696 |   3 |  855.0 |
               +--------+--------+--------+--------+--------+-----+--------+

Top non-repeatable levels by time:
     D:2: 1368 daAuts
     D:1: 1005 daAuts
     D:3: 191 daAuts
